 Dungeon Crawl Stone Soup version 0.32-a0-43-g058985b245 (webtiles) character file.

Game seed: 16515730558291047635

22 PriceMaster the Firebug (level 2, 0/17 HPs)
             Began as an Octopode Fire Elementalist on Feb 3, 2024.
             Slain by an adder (1 damage)
             ... on level 2 of the Dungeon.
             The game lasted 00:01:48 (750 turns).

PriceMaster the Firebug (Octopode Fire Elementalist) Turns: 750, Time: 00:01:49

Health: 0/17       AC:  1    Str:  7    XL:     2   Next: 91%
Magic:  1/5        EV: 13    Int: 17    God:
Gold:   59         SH:  5    Dex: 12    Spells: 2/5 levels left

rFire   . . .        c - +0 dagger (drain)
rCold   . . .        (no shield)
rNeg    . . .        (helmet restricted)
rPois   .            f - amulet of reflection
rElec   .            (no ring)
rCorr   .            (no ring)
SInv    .            (no ring)
Will    .....        (no ring)
Stlth   +++          (no ring)
HPRegen 0.22/turn    (no ring)
MPRegen 0.09/turn    (no ring)
                     (no ring)

%: reflection
@: attractive
A: almost no armour, amphibious, 8 rings, camouflage 1, gelatinous body 1,
(nimble swimmer 1), tentacles
a: no special abilities


You were on level 2 of the Dungeon.
You visited 1 branch of the dungeon, and saw 2 of its levels.

You collected 59 gold pieces.

Inventory:

Hand Weapons
 c - a +0 dagger of draining (weapon)
Jewellery
 f - an amulet of reflection (around mantle)
Scrolls
 d - a scroll of teleportation {unknown}
 h - a scroll of enchant weapon {unknown}


   Skills:
 + Level 2.1 Dodging
 + Level 3.2 Stealth
 + Level 2.1 Spellcasting
 + Level 1.2 Conjurations
 + Level 3.4 Fire Magic


You had 2 spell levels left.
You knew the following spells:

 Your Spells              Type           Power      Damage    Failure   Level
a - Foxfire               Conj/Fire      36%        2x1d5     8%          1
b - Scorch                Fire           26%        2d6       7%          2

Your spell library contained the following spells:

 Spells                   Type           Power      Damage    Failure   Level
 Inner Flame              Hex/Fire       7%         N/A       28%         3
 Volatile Blastmotes      Fire/Tloc      14%        2d11      28%         3
 Flame Wave               Conj/Fire      9%         2d6       58%         4


Dungeon Overview and Level Annotations

Branches:
Dungeon (2/15)

Altars:


Innate Abilities, Weirdness & Mutations

You cannot wear most types of armour.
You are amphibious.
You can wear up to eight rings at the same time.
Your skin changes colour to match your surroundings (Stealth+).
Your rubbery body absorbs attacks. (AC +1, EV +1)
((You are camouflaged when in or above water. (Stealth+)))
You have tentacles for arms and can constrict up to eight enemies at once.


Message History

The adder bites you.
You are poisoned.
The adder poisons you! The hobgoblin hits you.
Okay, then.
It was a potion of attraction.
You feel attractive to monsters.
* * * LOW HITPOINT WARNING * * *
You feel sick.
The adder is no longer more vulnerable to fire.
The adder closely misses you. The ribbon worm bites you.
* * * LOW HITPOINT WARNING * * *
The hobgoblin hits you.
* * * LOW HITPOINT WARNING * * *
The rat is attracted toward you.
You feel better. The adder bites you but does no damage.
The adder barely misses you. The ribbon worm bites you.
* * * LOW HITPOINT WARNING * * *
The hobgoblin hits you.
* * * LOW HITPOINT WARNING * * *
You closely miss the hobgoblin. Your grab misses the hobgoblin.
Your squeeze misses the hobgoblin.
The hobgoblin is severely wounded.
The adder bites you but does no damage. You block the hobgoblin's attack.
Casting: Foxfire (safe; 8% risk of failure)
Confirm with . or Enter, or press ? or * to list all spells.
You don't know that spell.
You hit the ribbon worm but do no damage.
You grab the ribbon worm. You constrict the ribbon worm.
The adder completely misses you. You block the ribbon worm's attack.
The hobgoblin hits you.
* * * LOW HITPOINT WARNING * * *
Unknown command.
As you read the scroll labelled UGHOHI SAWAKHLOA, it crumbles to dust.
It is a scroll of brand weapon.
Your +0 dagger craves living souls!
c - a +0 dagger of draining (weapon)
You constrict the ribbon worm, but do no damage.
The adder barely misses you. The ribbon worm barely misses you.
The adder bites you.
You die...

#<... #.#(# ########
#.#.# # .......####
#.#.# ..####.......#
#.#.# ##....##.....#
#...#
....)..ยง#....#
#<#.#
#.....S#.#...###...#
#@.#.......#.#
#wg..#..###...#
#!....#..# #.##....
#$....#..# #.# .###
.#....#... ..# .#
...#[.#..######
.....#.#.# ......
#... ...


You could see a ribbon worm, an adder and a hobgoblin.

Vanquished Creatures
  A dart slug (D:1)
  2 endoplasms (D:1)
  2 goblins
  A hobgoblin (D:2)
  2 jackals (D:1)
  3 kobolds (D:1)
  2 quokkas
  A ball python (D:1)
  4 rats (D:1)
18 creatures vanquished.

Vanquished Creatures (others)
  19 foxfires
19 creatures vanquished.

Grand Total: 37 creatures vanquished

Notes
Turn   | Place    | Note
-------+----------+-------------------------------------------
     0 | D:1      | PriceMaster the Octopode Fire Elementalist began the quest
                  | for the Orb.
     0 | D:1      | Reached XP level 1. HP: 11/11 MP: 3/3
   282 | D:1      | Reached XP level 2. HP: 17/17 MP: 5/5
   716 | D:2      | Learned a level 2 spell: Scorch
   750 | D:2      | Slain by an adder

Illustrated notes

Levels and vault maps discovered:
D:1:      lemuel_arrival_lava_pool, layout_basic
D:2:      layout_loops_ring, basic_altar, minmay_circled_x

Skill      XL: |  1  2 |
---------------+-------+-----
Stealth        | 3 |  3.2
Dodging        | |  2.1
Spellcasting   | |  2.1
Conjurations   | |  1.2
Fire Magic     | |  3.4

Action                     || total
---------------------------++-------
  Melee: Unarmed           ||     6
         Dagger            ||    21
         Constrict         ||     7
         Tentacles         ||     4
   Cast: Foxfire           ||    13
         Scorch            ||     3
    Use: Potion            ||     4
         Scroll            ||     1
   Stab: Sleeping          ||     5
 Armour: Skin              ||    20
  Dodge: Dodged            ||    21
  Block: Other             ||     5

Table legend: (Time is in decaauts)
 A = Elapsed time spent in this place.
 B = Non-inter-level travel time spent in this place.
 C = Inter-level travel time spent in this place.
 D = Time resting spent in this place.
 E = Time spent auto-exploring this place.
 F = Levels seen in this place.
 G = Mean time per level.
                   A        B        C        D        E       F      G
               +--------+--------+--------+--------+--------+-----+--------+
         Total |    749 |    734 |     15 |      0 |    612 |   2 |  374.5 |
       Dungeon |    749 |    734 |     15 |      0 |    612 |   2 |  374.5 |
               +--------+--------+--------+--------+--------+-----+--------+

Top non-repeatable levels by time:
     D:1: 711 daAuts
     D:2: 37 daAuts
